 Dungeon Crawl Stone Soup version 0.17-a0-1411-g06ff558 (webtiles) character file.

823 nuthulu the Skirmisher (level 7, -3/48 HPs)
             Began as a Gargoyle Fighter on June 23, 2015.
             Killed from afar by Terandir's ghost (7 damage)
             ... with a puff of frost
             ... on level 5 of the Dungeon.
             The game lasted 00:14:37 (5263 turns).

nuthulu the Skirmisher (Gargoyle Fighter)           Turns: 5263, Time: 00:14:38

Health: -3/48      AC: 13    Str: 25    XL:     7   Next: 96%
Magic:  7/7        EV:  7    Int:  8    God:
Gold:   246        SH: 10    Dex: 10    Spells: 0 memorised, 6 levels left

rFire  . . .     SeeInvis .     a - +0 flail (crush)
rCold  . . .     Clarity  .     b - +0 scale mail
rNeg   + . .     SustAt   .     c - +1 shield
rPois  ∞         Gourm    .     t - +1 helmet
rElec  +         Spirit   .     (no cloak)
rCorr  .         Warding  .     (no gloves)
rMut   .         Stasis   .     (no boots)
MR     .....                    (no amulet)
Stlth  ..........               (no ring)
                                g - +4 ring of strength

@: very slightly contaminated, hasted, very quick, not resistant to hostile
enchantments, extremely unstealthy
A: negative energy resistance 1, electricity resistance, unbreathing,
petrification resistance, rot immunity, AC +4
a: no special abilities


You were on level 5 of the Dungeon.
You were not hungry.

You visited 1 branch of the dungeon, and saw 5 of its levels.

You collected 246 gold pieces.

Inventory:

Hand weapons
 a - a +0 flail of crushing (weapon)
 x - a +0 morningstar
Missiles
 w - 2 throwing nets (quivered)
Armour
 b - a +0 scale mail (worn)
 c - a +1 shield (worn)
 t - a +1 helmet (worn)
Jewellery
 g - a +4 ring of strength (left hand)
 r - an uncursed ring of magical power
Scrolls
 i - 2 scrolls of remove curse
 s - a scroll of fear
 v - a scroll of teleportation
Potions
 f - 2 potions of flight
 h - a potion of mutation
 j - 3 potions of curing
 k - a potion of heal wounds {unknown}
 n - a potion of beneficial mutation {unknown}
 q - 2 potions of poison {unknown}
 A - a potion of berserk rage {unknown}
Comestibles
 d - 3 chunks of flesh
 e - 6 bread rations
 l - a royal jelly
 o - 2 beef jerkies
 p - 2 meat rations
 u - 2 fruits


   Skills:
 * Level 7.4 Fighting
 * Level 6.3 Maces & Flails
 - Level 3.2 Armour
 - Level 3.2 Shields


You had 6 spell levels left.
You didn't know any spells.

Dungeon Overview and Level Annotations

Branches:
Dungeon (5/15)
 Temple: D:4-7

Altars:
Cheibriados
Fedhas
Gozag
Nemelex Xobeh
Trog

Annotations:
D:5 Terandir's ghost, experienced DEIE


Innate Abilities, Weirdness & Mutations

You are resistant to torment.
Your stone body is resilient (AC +4).
You are immune to poison.
You resist negative energy.
You are resistant to electric shocks.
You can survive without breathing.
You are immune to petrification.
You are immune to rotting.


Message History

Terandir's ghost gestures at you while chanting.
You are frozen.
* * * LOW HITPOINT WARNING * * *
You sock Terandir's ghost!
Terandir's ghost is almost destroyed.
You block Terandir's ghost's attack. Terandir's ghost blocks your attack.
Terandir's ghost is almost destroyed.
You barely miss Terandir's ghost.
Terandir's ghost is almost destroyed.
You block Terandir's ghost's attack. Terandir's ghost blocks your attack.
Terandir's ghost is almost destroyed.
Terandir's ghost gestures at you while chanting.
You block the puff of frost.
You hit Terandir's ghost.
Terandir's ghost is almost destroyed.
Terandir's ghost gestures at you while chanting.
The puff of frost hits you!
You die...

##################
#).)..............
#######@###############.
#.....W#...# #.
#.#####.##.# #. #.[.# #
#( #.#)# #. #.###.#.# #.
#......W# #. #.####.†#
#. #... # #.


You could see Terandir's ghost.

Vanquished Creatures
  The ghost of asdu the Sneak, an average VSAs (D:4)
  An ogre (D:3)
  A quasit (D:5)
  A centaur skeleton (D:4)
  2 orc priests
  2 hounds
  4 orc wizards
  3 worker ants
  11 adders
  5 gnolls
  An ooze (D:3)
  An adder skeleton (D:5)
  5 worms
  3 giant geckos
  14 orcs
  2 ball pythons (D:3)
  7 goblins
  16 hobgoblins
  10 jackals
  12 bats
  3 giant cockroaches
  7 giant newts
  10 kobolds
  11 rats
133 creatures vanquished.

Notes
Turn   | Place    | Note
--------------------------------------------------------------
     0 | D:1      | nuthulu the Gargoyle Fighter began the quest for the Orb.
     0 | D:1      | Reached XP level 1. HP: 14/14 MP: 1/1
   309 | D:1      | Reached XP level 2. HP: 16/20 MP: 2/2
   537 | D:1      | Reached skill level 4 in Fighting
   650 | D:2      | Reached XP level 3. HP: 24/24 MP: 3/3
   754 | D:2      | Found a bloodstained altar of Trog.
  1779 | D:3      | Reached XP level 4. HP: 30/30 MP: 4/4
  1842 | D:3      | Found an opulent altar of Gozag.
  2090 | D:3      | Reached skill level 5 in Fighting
  2187 | D:3      | Reached XP level 5. HP: 30/35 MP: 5/5
  2443 | D:3      | Found a snail-covered altar of Cheibriados.
  2446 | D:3      | Found a blossoming altar of Fedhas.
  2447 | D:3      | Found a sparkling altar of Nemelex Xobeh.
  2451 | D:3      | Found an opulent altar of Gozag.
  3031 | D:4      | Noticed an ogre
  3035 | D:4      | Noticed asdu's ghost (average VSAs)
  3042 | D:3      | Killed an ogre
  3042 | D:3      | Reached XP level 6. HP: 18/41 MP: 6/6
  3270 | D:4      | Reached skill level 6 in Fighting
  3368 | D:4      | Killed asdu's ghost
  3368 | D:4      | Reached skill level 5 in Maces & Flails
  3374 | D:4      | Reached XP level 7. HP: 43/47 MP: 7/7
  4063 | D:4      | Reached skill level 7 in Fighting
  4686 | D:5      | Entered Level 5 of the Dungeon
  5236 | D:5      | Noticed Terandir's ghost (experienced DEIE)
  5263 | D:5      | Killed from afar by Terandir's ghost

Vault maps used:
D:1:      minmay_arrival_checkered_box
D:2:      nicolae_overflow_crystal_walls
D:3:      minitemple, first_bread, grunt_ministairs_7,
          kennysheep_cluttered_room, grunt_gozag_breadcrumbs
D:4:      enter_ossuary_1

Action                   |  1- 3 |  4- 6 |  7- 9 || total
-------------------------+-------+-------+-------++-------
Melee: Flail             |   122 |    34 |    17 ||   173
       Morningstar       |       |    97 |   214 ||   311
  Use: Scroll            |     4 |    10 |     1 ||    15
       Potion            |       |     1 |     5 ||     6
  Eat: Chunk             |     3 |     5 |     7 ||    15
